 Dungeon Crawl Stone Soup version 0.21.1-1-g345015f (webtiles) character file.

226 solstalker the Skirmisher (level 6, -15/52 HPs)
             Began as a Ghoul Warper on Mar 29, 2018.
             Was a Follower of Cheibriados.
             Demolished by a two-headed ogre
             ... wielding a cursed -2 giant club
              (24 damage)
             ... on level 4 of the Dungeon.
             The game lasted 00:41:30 (2388 turns).

solstalker the Skirmisher (Ghoul Warper)            Turns: 2388, Time: 00:41:31

Health: -15/52     AC:  8    Str: 18    XL:     6   Next: 1%
Magic:  1/8        EV: 17    Int: 11    God:    Cheibriados [*.....]
Gold:   157        SH:  0    Dex: 18    Spells: 2/9 levels left

rFire    . . .     SeeInvis .   x - +4 spear
rCold    + . .     Gourm    .   (no shield)
rNeg     + + +     Faith    .   y - +2 ring mail {MR+}
rPois    ∞         Spirit   .   (no helmet)
rElec    .         Reflect  .   (no cloak)
rCorr    .         Harm     .   B - +0 pair of gloves
MR       +....                  (no boots)
Stlth    ++........             (no amulet)
HPRegen  0.00/turn              (no ring)
MPRegen  0.11/turn              (no ring)

@: agile, very slightly contaminated, rotting, very slow
A: rotting body, claws 1, carnivore, cold resistance 1, negative energy
resistance 3, inhibited regeneration, torment resistance, unbreathing
a: Bend Time, Renounce Religion


You were on level 4 of the Dungeon.
You worshipped Cheibriados.
Cheibriados was aware of your devotion.
You were not hungry.

You visited 1 branch of the dungeon, and saw 4 of its levels.

You collected 157 gold pieces.

Inventory:

Hand Weapons
 d - a +0 hand axe of flaming
 e - a +0 spear
 j - a +0 dagger
 k - a +0 whip
 l - a +0 dagger
 q - a cursed -1 spear
 r - a +0 short sword
 x - a +4 spear (weapon)
 A - a +0 trident
 C - a cursed -3 flail
 D - a +2 dagger of venom
 F - a +0 club
 G - a +0 short sword
Missiles
 h - 37 stones (quivered)
 i - 65 sling bullets
 n - 19 arrows
 v - 5 tomahawks
Armour
 a - a +0 leather armour
 o - a cursed +0 leather armour
 u - a +0 ring mail
 y - a +2 ring mail of magic resistance (worn)
 B - a +0 pair of gloves (worn)
Scrolls
 p - a scroll of teleportation
 E - a scroll of amnesia
Potions
 g - a potion of ambrosia
 s - 2 potions of mutation
 t - a potion of lignification {unknown}
 w - a potion of berserk rage
 z - 2 potions of haste
Books
 b - a book of Spatial Translocations

   Spells                             Type                      Level
   a - Blink                          Translocation                2
   b - Shroud of Golubria             Charms/Translocation         2
   c - Lesser Beckoning               Translocation                3
   d - Gell's Gravitas                Translocation                3
   e - Teleport Other                 Translocation                3
   f - Passage of Golubria            Translocation                4
Comestibles
 f - 6 rations


   Skills:
 + Level 3.8 Fighting
 + Level 3.0 Polearms
 + Level 1.2 Throwing
 + Level 1.9 Armour
 + Level 2.1 Dodging
 + Level 0.2 Stealth
 + Level 2.3 Unarmed Combat
 + Level 2.0 Spellcasting
 + Level 2.8 Translocations


You had 2 spell levels left.
You knew the following spells:

 Your Spells              Type           Power        Failure   Level  Hunger
a - Blink                 Tloc           N/A          24%         2    ###....
b - Gell's Gravitas       Tloc           #.........   43%         3    ####...
c - Shroud of Golubria    Chrm/Tloc      #.........   38%         2    ###....


Dungeon Overview and Level Annotations

Branches:
Dungeon (4/15)
 Temple: D:4-7

Altars:
Cheibriados
Xom


Innate Abilities, Weirdness & Mutations

Your body is rotting away.
You thrive on raw meat.
You are immune to poison.
You have sharp fingernails.
You are carnivorous and can eat meat at any time.
Your flesh is cold resistant. (rC+)
You are immune to negative energy. (rN+++)
You do not regenerate when monsters are visible.
You are immune to unholy pain and torment.
You can survive without breathing.


Message History

You cannot mutate.
You hit the two-headed ogre but do no damage.
The two-headed ogre is moderately wounded.
It was a potion of agility.
You feel agile all of a sudden.
The two-headed ogre hits you with a giant club.
* * * LOW HITPOINT WARNING * * *
Your shroud falls apart!
The two-headed ogre hits you but does no damage.
You hit the two-headed ogre.
The two-headed ogre is moderately wounded.
The two-headed ogre misses you.
The two-headed ogre completely misses you.
Casting: Blink
Confirm with . or Enter, or press ? or * to list all spells.
You don't have enough magic to cast that spell.
You barely miss the two-headed ogre.
The two-headed ogre is moderately wounded.
The two-headed ogre hits you with a giant club!!
You die...

### #.. ######.###
#........#
###<#.###
#o).....#
#)#.###w##########
.(o.##
#@Oo?......#
...#w.#
##########.#
#.((....#
.<).....#
.(......#
.......)#


You could see a two-headed ogre, a worm and an orc.

Vanquished Creatures
  An orc priest (D:4)
  Terence (D:2)
  Natasha (D:3)
  8 adders
  2 worms (D:3)
  2 dart slugs
  2 leopard geckos
  An orc (D:4)
  5 ball pythons
  5 bats
  2 giant cockroaches
  8 goblins
  8 hobgoblins
  4 jackals (D:2)
  7 kobolds
  A quokka (D:2)
  3 frilled lizards
  7 rats
68 creatures vanquished.

Notes
Turn   | Place    | Note
-------+----------+-------------------------------------------
     0 | D:1      | solstalker the Ghoul Warper began the quest for the Orb.
     0 | D:1      | Reached XP level 1. HP: 17/17 MP: 2/2
   254 | D:1      | Reached XP level 2. HP: 18/25 MP: 3/3
   312 | D:1      | Learned a level 2 spell: Blink
   315 | D:1      | Learned a level 2 spell: Shroud of Golubria
   875 | D:2      | Reached skill level 1 in Armour
   948 | D:2      | Reached XP level 3. HP: 24/30 MP: 5/5
  1100 | D:2      | Noticed Terence
  1113 | D:2      | Killed Terence
  1113 | D:2      | Reached skill level 1 in Polearms
  1113 | D:2      | Reached skill level 1 in Throwing
  1113 | D:2      | Reached XP level 4. HP: 24/38 MP: 6/6
  1342 | D:2      | Learned a level 3 spell: Gell's Gravitas
  1349 | D:2      | Found a snail-covered altar of Cheibriados.
  1357 | D:2      | Became a worshipper of Cheibriados the Contemplative
  1865 | D:3      | Reached XP level 5. HP: 39/45 MP: 7/7
  1917 | D:3      | Learned a level 2 spell: Shroud of Golubria
  1953 | D:3      | Reached * piety under Cheibriados
  2031 | D:3      | Found a shimmering altar of Xom.
  2033 | D:3      | Found a glowing golden altar of the Shining One.
  2033 | D:3      | Found a glowing silver altar of Zin.
  2035 | D:3      | Found a deep blue altar of Sif Muna.
  2035 | D:3      | Found a shimmering altar of Xom.
  2035 | D:3      | Found a sparkling altar of Nemelex Xobeh.
  2162 | D:3      | Noticed Natasha
  2170 | D:3      | Killed Natasha
  2367 | D:4      | Noticed a two-headed ogre
  2371 | D:4      | Reached XP level 6. HP: 51/52 MP: 8/8
  2388 | D:4      | Demolished by a two-headed ogre

Skill      XL: |  1  2  3  4  5 |
---------------+----------------+-----
Spellcasting   | 2 |  2.0
Armour         | 1 |  1.9
Dodging        | 2 |  2.1
Fighting       | 3 |  3.8
Polearms       | 1 2 3 |  3.0
Throwing       | 1 |  1.2
Stealth        | |  0.2
Unarmed Combat | |  2.3
Translocations | |  2.8

Action                   |  1- 3 |  4- 6 || total
-------------------------+-------+-------++-------
Melee: Spear             |    83 |   129 ||   212
       Punch             |     1 |       ||     1
Throw: Tomahawk          |     5 |       ||     5
       Stone             |       |    27 ||    27
 Cast: Gell's Gravitas   |       |     1 ||     1
       Blink             |       |     2 ||     2
       Shroud of Golubri |       |     1 ||     1
  Use: Scroll            |     7 |     5 ||    12
       Potion            |       |     2 ||     2
  Eat: Chunk             |     9 |    29 ||    38
       Ration            |       |     1 ||     1
Armor: Leather armour    |    12 |       ||    12
       Ring mail         |    18 |    29 ||    47
Dodge: Dodged            |    53 |    57 ||   110
